 Dungeon Crawl Stone Soup version 0.30-a0-190-g22c9a3c0ff (webtiles) character file.

Game seed: 14762478081560845802

98509 Angani the Dancer (level 16, -8/82 HPs)
             Began as a Vine Stalker Brigand on Oct 3, 2022.
             Was a High Priest of Uskayaw.
             Mangled by an orc knight
             ... wielding a +3 long sword
              (20 damage)
             ... on level 2 of the Orcish Mines on Oct 4, 2022.
             The game lasted 00:32:11 (15112 turns).

Angani the Dancer (Vine Stalker Brigand)           Turns: 15112, Time: 00:32:12

Health: -8/82      AC: 13    Str: 14    XL:     16   Next: 22%
Magic:  0/28       EV: 15    Int: 11    God:    Uskayaw [*****.]
Gold:   1551       SH: 10    Dex: 24    Spells: 15/15 levels left

rFire   . . .      SeeInvis .    e - +3 rapier (venom)
rCold   . . .      Faith    .    f - +3 warlock's mirror {reflect}
rNeg    . . .      Spirit   +    H - +0 swamp dragon scales
rPois   +          Reflect  +    K - +1 hat {Stlth+}
rElec   .          Harm     .    c - +2 cloak
rCorr   .          Rampage  .    G - +0 pair of gloves
Will    ++...                    z - +0 pair of boots
Stlth   ++++++....               T - amulet of magic regeneration
HPRegen 1.13/turn                L - +4 ring of slaying
MPRegen 0.61/turn                U - +4 ring of slaying

@: lethally poisoned (-8 -> -9)
A: fangs 3, regeneration 1, magic shield, antimagic bite, no potion heal 2
a: Renounce Religion, Stomp, Line Pass, Grand Finale


You were on level 2 of the Orcish Mines.
You worshipped Uskayaw.
Uskayaw was pleased with you.
You visited 4 branches of the dungeon, and saw 20 of its levels.
You also visited: Sewer.

You collected 2151 gold pieces.
You spent 600 gold pieces at shops.

Inventory:

Hand Weapons
 e - a +3 rapier of venom (weapon)
 A - the +1 rapier "Odwy" {pain, rElec}
   (You found it on level 11 of the Dungeon)

   In the hands of one skilled in necromantic magic, it inflicts extra damage on
   living creatures.
   rElec:     It insulates you from electricity.
Missiles
 d - 65 poisoned darts
 h - 11 curare-tipped darts (quivered)
Armour
 c - a +2 cloak (worn)
 f - the +3 warlock's mirror (worn) {reflect}
   (You acquired it on level 3 of the Dungeon)

   It can block and reflect piercing ranged attacks and magical attacks against
   the wielder's willpower.
 z - a +0 pair of boots (worn)
 D - the +2 leather armour of the Hills {rF++ rC- Will+ Int-4}
   (You found it on level 5 of the Lair of Beasts)

   Int:       It affects your intelligence (-4).
   rF:        It greatly protects you from fire.
   rC:        It makes you vulnerable to cold.
   Will:      It increases your willpower.
 G - a +0 pair of gloves (worn)
 H - +0 swamp dragon scales (worn)
 K - a +1 hat of stealth (worn)
Jewellery
 q - an amulet of the acrobat
 u - a ring of poison resistance
 x - a ring of protection from cold
 L - a +4 ring of slaying (left hand)
 S - a +6 ring of intelligence
 T - an amulet of magic regeneration (around neck)
 U - a +4 ring of slaying (right hand)
 W - a ring of resist corrosion
Wands
 t - a wand of iceblast (11)
 M - a wand of flame (18)
 O - a wand of mindburst (7)
 P - a wand of paralysis (7)
Scrolls
 b - a scroll of fear {unknown}
 j - 3 scrolls of butterflies {unknown}
 s - 2 scrolls of brand weapon
 v - 5 scrolls of blinking
 w - 5 scrolls of teleportation {unknown}
 y - 2 scrolls of amnesia {unknown}
 C - 2 scrolls of silence {unknown}
 E - 4 scrolls of immolation {unknown}
 I - 2 scrolls of noise {unknown}
 N - a scroll of torment {unknown}
 Q - 4 scrolls of identify
 X - a scroll of magic mapping
Potions
 a - a potion of invisibility
 g - 4 potions of cancellation
 i - a potion of resistance
 k - 5 potions of haste
 l - 5 potions of ambrosia
 m - 6 potions of might
 n - 2 potions of magic
 o - a potion of mutation
 p - 2 potions of attraction
 r - 8 potions of heal wounds
 B - 6 potions of curing
 F - a potion of flight
 V - 2 potions of berserk rage {unknown}
Miscellaneous
 R - a lightning rod (4/4)


   Skills:
 - Level 8.4 Fighting
 + Level 13.9 Short Blades
 - Level 1.7 Throwing
 - Level 1.3 Armour
 - Level 7.2 Dodging
 - Level 12.2 Stealth
 - Level 7.6 Shields
 - Level 15.2 Invocations


You had 15 spell levels left.
You didn't know any spells.
Your spell library contained the following spells:

 Spells                   Type           Power      Damage    Failure   Level
 Apportation              Tloc           0%         N/A       65%         1
 Beastly Appendage        Tmut           0%         N/A       65%         1
 Foxfire                  Conj/Fire      0%         2x1d4     65%         1
 Magic Dart               Conj           0%         1d3       65%         1
 Shock                    Conj/Air       0%         1d3       65%         1
 Call Imp                 Summ           0%         N/A       80%         2
 Cigotuvi's Dreadful Rot  Necr/Pois/Air  0%         N/A       80%         2
 Poisonous Vapours        Pois/Air       0%         N/A       80%         2
 Searing Ray              Conj           0%         2d4       80%         2
 Wereblood                Tmut           0%         N/A       80%         2
 Call Canine Familiar     Summ           0%         N/A       95%         3
 Gell's Gravitas          Tloc           0%         N/A       95%         3
 Ignite Poison            Fire/Tmut/Pois 0%         N/A       95%         3
 Inner Flame              Hex/Fire       0%         N/A       95%         3
 Kindle Blastsparks       Fire/Tloc/Air  0%         2d10      95%         3
 Mephitic Cloud           Conj/Pois/Air  0%         N/A       95%         3
 Portal Projectile        Hex/Tloc       0%         N/A       95%         3
 Spider Form              Tmut/Pois      0%         N/A       95%         3
 Swiftness                Air            0%         N/A       95%         3
 Teleport Other           Tloc           0%         N/A       95%         3
 Tukima's Dance           Hex            0%         N/A       95%         3
 Airstrike                Air            0%         2d(0-16)  100%        4
 Animate Armour           Summ/Erth      0%         N/A       100%        4
 Flame Wave               Conj/Fire      0%         2d4       100%        4
 Fulminant Prism          Conj/Hex       0%         3d6       100%        4
 Leda's Liquefaction      Hex/Erth       0%         N/A       100%        4
 Manifold Assault         Tloc           0%         N/A       100%        4
 Passage of Golubria      Tloc           0%         N/A       100%        4
 Petrify                  Tmut/Erth      0%         N/A       100%        4
 Sticky Flame             Conj/Fire      0%         2d3       100%        4
 Alistair's Intoxication  Tmut/Pois      0%         N/A       100%        5
 Freezing Cloud           Conj/Ice/Air   0%         6-21      100%        5
 Metabolic Englaciation   Hex/Ice        0%         N/A       100%        5
 Yara's Violent Unravell  Hex/Tmut       0%         3d3       100%        5
 Dispersal                Tloc           0%         N/A       100%        6
 Statue Form              Tmut/Erth      0%         N/A       100%        6
 Summon Hydra             Summ           0%         N/A       100%        7


Dungeon Overview and Level Annotations

Branches:
Dungeon (12/15)            Temple (1/1) D:6            Lair (5/5) D:10
 Shoals (0/4) Lair:3        Snake (0/4) Lair:2        Slime (0/5) Lair:4
    Orc (2/2) D:11            Elf (0/3) Orc:2         Sewer (visited)

Altars:
Ashenzari
Cheibriados
Dithmenos
Elyvilon
Fedhas
Gozag
Kikubaaqudgha
Makhleb
Nemelex Xobeh
Okawaru
Qazlal
Ru
Sif Muna
Trog
Uskayaw
Vehumet
Wu Jian
Xom
Yredelemnul
Zin
The Shining One
Jiyva

Shops:
D:9 *   Orc:1 !   Orc:2 ([(

Annotations:
D:6 2 transporters
D:9 4 runed translucent doors


Innate Abilities, Weirdness & Mutations

You have razor-sharp teeth.
Your natural rate of healing is unusually fast.
When hurt, damage is shared between your health and your magic reserves.
Your bite disrupts and absorbs the magic of your enemies.
Potions cannot restore your health.


Message History

The orc high priest is moderately wounded.
You kill the orc priest!
The hellwing is almost dead.
The ice devil is severely wounded.
You kill the orc wizard!
You feel sick.
Uskayaw will force your foes to share their pain.
Unknown command.
Unknown command.
The helpless orc high priest fails to defend itself.
You skewer the orc high priest like a kebab!!!!!
You kill the orc high priest!
The ice devil disappears in a puff of smoke!
You feel sick.
The red devil seems less confused.
The orc high priest seems less confused.
The orc high priest is no longer paralysed.
The orc knight is no longer paralysed.
The orc sorcerer seems less confused.
You can now merge with and destroy a victim.
Unknown command.
The helpless hellwing fails to defend itself.
You skewer the hellwing like a kebab!!!!!
You kill the hellwing!
The hellwing disappears in a puff of smoke!
The orc knight is no longer paralysed.
The orc high priest no longer looks unusually strong.
The orc warrior is no longer paralysed. x2
The orc sorcerer is no longer paralysed.
The orc knight barely misses you.
Unknown command.
As you read the scroll of summoning, it crumbles to dust.
Wisps of shadow whirl around you...
You feel sick.
The red devil is no longer paralysed.
The orc warrior is no longer paralysed.
The orc knight is no longer paralysed.
The orc wizard is no longer paralysed.
You block the red devil's attack.
The orc wizard gestures wildly while chanting.
The orc wizard flickers and vanishes!
Deactivating autopickup; reactivate with Ctrl-A.
You block the orc warrior's attack. The orc warrior barely misses you.
The orc knight hits you with a +3 long sword!!
You die...

#####....## #
##..)))##..##
#...))))##..#
#∩.#.##...##.######
##..#).##..##..##..##
#∩ #.o..#...##.##...#
#..#o4.o....##.##..###
#.)oooo...##.##...#.
#o.@)h.#####.##..#..
#....o.o..............
#.#.o.o{o#####.##.....
# #..o..... #.##.....
.#........##.###....
∩.#....#...##.# ###..
## .#..##..##..# #...
.#.## .# .## ##.. .
###


You could see 3 orc knights, an orc high priest (extremely poisoned), an orc
sorcerer (ally target), a red devil (summoned), 3 orc warriors, a friendly warg
(summoned), 2 friendly orc warriors and 4 friendly orcs.

Vanquished Creatures
  Rupert (D:12)
  A dire elephant (Lair:4)
  Snorg (D:12)
  Fannar (D:10)
  7 hydras
  2 boulder beetles
  A catoblepas (Lair:2)
  5 two-headed ogres
  Erica (D:8)
  An anaconda (Lair:4)
  5 death yaks (Lair:4)
  An alligator (Lair:4)
  2 orc high priests (Orc:2)
  Nergalle (Lair:3)
  Sonja (D:11)
  Pikel (D:9)
  5 orc knights
  An ugly thing (D:12)
  2 cyclopes (D:12)
  A manticore (D:12)
  14 elephants
  5 orc sorcerers
  6 black mambas
  An orange demon (D:12)
  A gargoyle (D:11)
  21 cane toads
  2 unseen horrors
  4 rime drakes
  8 komodo dragons
  Maggie (D:7)
  An ice devil (D:12)
  A red devil (D:12)
  6 trolls
  2 hellwings (D:12)
  5 polar bears
  4 tyrant leeches (Lair:5)
  2 hornets
  8 blink frogs (Lair:5)
  Prince Ribbit (D:8)
  2 dream sheep (D:11)
  5 wraiths
  Eustachio (D:5)
  A ynoxinul (D:12)
  42 yaks
  3 wyverns
  2 steam dragons (D:7)
  A basilisk (Lair:1)
  5 vampire mosquitoes (Lair:5)
  A chaos spawn (D:12)
  2 wargs
  2 nagas (Lair:2)
  20 water moccasins
  Duvessa (D:5)
  An ice beast (D:7)
  18 orc warriors
  A sky beast (D:6)
  5 black bears
  5 wolves
  5 ogres
  7 centaurs
  A lemure (D:9)
  2 phantoms
  10 kobold brigands
  14 bullfrogs
  A necrophage (D:5)
  2 gnoll sergeants
  5 scorpions
  4 wights (D:8)
  Dowan (D:5)
  4 killer bees (D:7)
  5 howler monkeys
  2 electric eels
  A centaur zombie (D:4)
  2 quasits (D:12)
  A bullfrog zombie (D:4)
  2 hounds
  21 orc priests
  2 jellies
  A gnoll bouda (D:7)
  7 iguanas
  23 orc wizards
  2 scorpion zombies (D:4)
  A hell rat (Lair:4)
  A hound skeleton (D:4)
  18 gnolls
  3 adders (D:5)
  A shadow imp (D:7)
  A white imp (D:7)
  3 adder zombies (D:4)
  An adder skeleton (D:4)
  4 worms
  2 dart slugs
  82 orcs
  8 endoplasms
  3 giant cockroaches
  9 goblins
  5 hobgoblins
  8 jackals
  5 quokkas
  7 ball pythons
  7 bats
  2 frilled lizards
  33 kobolds
  2 rats (D:3)
583 creatures vanquished.

Vanquished Creatures (others)
  An orc priest (Orc:2)
  2 orcs (D:7)
  A bush (Lair:5)
  10 demonic plants (D:12)
  23 fungi
  81 plants
  4 toadstools (D:5)
  A withered plant (D:4)
123 creatures vanquished.

Grand Total: 706 creatures vanquished

Notes
Turn   | Place    | Note
-------+----------+-------------------------------------------
     0 | D:1      | Angani the Vine Stalker Brigand began the quest for the
                  | Orb.
     0 | D:1      | Reached XP level 1. HP: 11/11 MP: 2/2
    74 | D:1      | Reached skill level 1 in Dodging
    99 | D:1      | Reached XP level 2. HP: 12/15 MP: 0/3
   604 | D:1      | Found a faded altar of an unknown god.
   652 | D:2      | Reached skill level 1 in Invocations
   652 | D:2      | Reached XP level 3. HP: 16/18 MP: 2/4
   669 | D:2      | Got the Atlas of the Unified Compass
  1421 | D:3      | Identified a scroll of acquirement
  1421 | D:3      | Acquired the +3 warlock's mirror {reflect}
  1421 | D:3      | Found the +3 warlock's mirror {reflect}
  1464 | D:3      | Found a glowing drain.
  1504 | Sewer    | Entered a sewer
  1607 | Sewer    | Noticed a kobold brigand
  1634 | Sewer    | Killed a kobold brigand
  1635 | Sewer    | Reached skill level 2 in Invocations
  1635 | Sewer    | Gained mutation: Your natural rate of healing is unusually
                  | fast. [Vine Stalker growth]
  1635 | Sewer    | Reached XP level 4. HP: 5/23 MP: 2/6
  1635 | Sewer    | Reached XP level 5. HP: 6/27 MP: 2/7
  1700 | Sewer    | Noticed a kobold brigand
  1700 | Sewer    | Noticed a kobold brigand
  1728 | Sewer    | Killed a kobold brigand
  1729 | Sewer    | Reached skill level 3 in Invocations
  1731 | Sewer    | Killed a kobold brigand
  1732 | Sewer    | Reached XP level 6. HP: 10/31 MP: 3/9
  2393 | D:4      | Reached skill level 4 in Invocations
  2483 | D:4      | Found a broken altar of Ashenzari.
  2523 | D:4      | Reached XP level 7. HP: 28/35 MP: 11/11
  2600 | D:4      | Reached skill level 5 in Short Blades
  2600 | D:4      | Reached skill level 5 in Invocations
  2846 | D:5      | Entered Level 5 of the Dungeon
  2873 | D:5      | Gained mutation: You have razor-sharp teeth. [Vine Stalker
                  | growth]
  2873 | D:5      | Reached XP level 8. HP: 20/39 MP: 13/13
  2878 | D:5      | Noticed Eustachio
  2895 | D:5      | Killed Eustachio
  2896 | D:5      | Reached skill level 6 in Invocations
  2934 | D:5      | Noticed Duvessa
  2962 | D:5      | Noticed Dowan
  2983 | D:5      | Killed Duvessa
  2995 | D:5      | Killed Dowan
  3100 | D:5      | Found a shimmering altar of Xom.
  3201 | D:5      | Reached skill level 7 in Invocations
  3593 | D:6      | Reached XP level 9. HP: 43/43 MP: 15/15
  3632 | D:6      | Found a staircase to the Ecumenical Temple.
  3643 | D:6      | Found a transporter.
  3662 | Temple   | Entered the Ecumenical Temple
  3675 | Temple   | Became a worshipper of Uskayaw the Reveller
  3715 | D:6      | Found a sparkling altar of Nemelex Xobeh.
  3743 | D:6      | Reached * piety under Uskayaw
  3749 | D:6      | Reached ** piety under Uskayaw
  3784 | D:6      | Found a transporter.
  3787 | D:6      | Found an opulent altar of Gozag.
  3789 | D:6      | Found a white marble altar of Elyvilon.
  3792 | D:6      | Noticed a komodo dragon
  3977 | D:6      | Reached skill level 8 in Invocations
  4317 | D:6      | Found a basalt altar of Yredelemnul.
  4476 | D:7      | Reached *** piety under Uskayaw
  4477 | D:7      | Reached **** piety under Uskayaw
  4484 | D:7      | Reached ***** piety under Uskayaw
  4726 | D:7      | Reached skill level 9 in Invocations
  5130 | D:7      | Noticed Maggie
  5145 | D:7      | Killed Maggie
  5146 | D:7      | Reached XP level 10. HP: 37/47 MP: 18/18
  5367 | D:8      | Identified the +7 mace "Vomiomp" {holy, rN+ Stlth+}
  5492 | D:8      | Reached skill level 10 in Invocations
  5564 | D:8      | Noticed Prince Ribbit
  5567 | D:8      | Killed Prince Ribbit
  5707 | D:8      | Noticed Erica
  5725 | D:8      | Killed Erica
  5842 | D:8      | Reached skill level 10 in Short Blades
  5928 | D:8      | Noticed a two-headed ogre
  5935 | D:8      | Killed a two-headed ogre
  5936 | D:8      | Reached skill level 11 in Invocations
  6096 | D:8      | Found a shimmering blue altar of Sif Muna.
  6286 | D:9      | Noticed a two-headed ogre
  6294 | D:9      | Killed a two-headed ogre
  6421 | D:9      | Reached XP level 11. HP: 47/51 MP: 17/20
  6449 | D:9      | Found a huge runed translucent gate.
  6449 | D:9      | Found a huge runed translucent gate.
  6449 | D:9      | Found a huge runed translucent gate.
  6449 | D:9      | Found a huge runed translucent gate.
  6450 | D:9      | Noticed a manticore
  6463 | D:9      | Noticed a two-headed ogre
  6471 | D:9      | Killed a two-headed ogre
  6561 | D:9      | Noticed Pikel
  6570 | D:9      | Killed Pikel
  6585 | D:9      | Reached ****** piety under Uskayaw
  6590 | D:9      | Reached skill level 12 in Invocations
  6645 | D:9      | Found Luokeh Tijor's Mayhem Merchandise.
  6873 | D:9      | Found an ancient bone altar of Kikubaaqudgha.
  7076 | D:10     | Entered Level 10 of the Dungeon
  7163 | D:10     | Found a staircase to the Lair.
  7221 | D:10     | Noticed a two-headed ogre
  7232 | D:10     | Killed a two-headed ogre
  7279 | D:10     | Noticed Fannar
  7296 | D:10     | Killed Fannar
  7728 | D:11     | Identified the +1 rapier "Odwy" {pain, rElec}
  7772 | D:11     | Reached skill level 5 in Stealth
  7896 | D:11     | Found a staircase to the Orcish Mines.
  7914 | D:11     | Reached skill level 1 in Shields
  8024 | D:11     | Reached XP level 12. HP: 46/56 MP: 17/22
  8026 | D:11     | Noticed a three-headed hydra
  8028 | D:11     | Killed a three-headed hydra
  8029 | D:11     | Reached skill level 13 in Invocations
  8082 | D:11     | Noticed a two-headed ogre
  8085 | D:11     | Killed a two-headed ogre
  8490 | D:11     | Noticed Sonja
  8494 | D:11     | Noticed a boulder beetle
  8497 | D:11     | Killed Sonja
  8505 | D:11     | Killed a boulder beetle
  8716 | D:12     | Noticed Snorg
  8723 | D:12     | Killed Snorg
  9144 | D:12     | Noticed Rupert
  9164 | D:12     | Killed Rupert
  9172 | D:12     | Reached skill level 5 in Fighting
  9587 | Lair:1   | Entered Level 1 of the Lair of Beasts
  9671 | Lair:1   | Reached XP level 13. HP: 63/63 MP: 24/24
  9793 | Lair:1   | You fall into a shaft and drop 1 floor!
 10122 | Lair:1   | Reached skill level 5 in Shields
 10133 | Lair:1   | Upgraded the game from 0.30-a0-178-g4db885d750 to
                  | 0.30-a0-190-g22c9a3c0ff
 10168 | Lair:1   | Reached skill level 5 in Dodging
 10427 | Lair:2   | Found a staircase to the Snake Pit.
 10439 | Lair:2   | Reached skill level 14 in Invocations
 10974 | Lair:3   | Noticed Nergalle
 10981 | Lair:3   | Killed Nergalle
 11048 | Lair:3   | Found a staircase to the Shoals.
 11240 | Lair:3   | Reached skill level 10 in Stealth
 11793 | Lair:4   | Reached XP level 14. HP: 17/70 MP: 12/25
 12183 | Lair:4   | Found a viscous altar of Jiyva.
 12183 | Lair:4   | Found a staircase to the Slime Pits.
 12534 | Lair:4   | Noticed a dire elephant
 12567 | Lair:4   | Killed a dire elephant
 12881 | Lair:5   | Entered Level 5 of the Lair of Beasts
 12931 | Lair:5   | Identified the +2 leather armour of the Hills {rF++ rC-
                  | Will+ Int-4}
 13202 | Lair:5   | Reached skill level 15 in Invocations
 14024 | Orc:1    | Entered Level 1 of the Orcish Mines
 14042 | Orc:1    | Reached skill level 1 in Armour
 14045 | Orc:1    | Reached XP level 15. HP: 77/77 MP: 27/27
 14223 | Orc:1    | Found Finihab's Distillery.
 14228 | Orc:1    | Bought a potion of experience for 600 gold pieces
 14228 | Orc:1    | Reached XP level 16. HP: 82/82 MP: 28/28
 14369 | Orc:1    | Found a shimmering blue altar of Sif Muna.
 14540 | Orc:2    | Entered Level 2 of the Orcish Mines
 14649 | Orc:2    | Found a staircase to the Elven Halls.
 14670 | Orc:2    | HP: 3/82 [orc knight/+0 great sword (18)]
 15083 | Orc:2    | Found Ennau's Weapon Emporium.
 15107 | Orc:2    | Found Maeni's Weapon Shop.
 15107 | Orc:2    | Found Tibbonnu's Armour Shop.
 15112 | Orc:2    | Mangled by an orc knight

Illustrated notes

Levels and vault maps discovered:
D:1:      psy_arrival_wood_between_worlds, layout_rooms,
          dilly_ecumenical_altar_fadedgnrine
D:2:      layout_basic, chequers_serial_rivers_large_a
D:3:      layout_rooms, portal_sewer_entry_f
D:4:      layout_rooms, mainiacjoe_overflow_six_doors_small, serial_undead,
          serial_undead_e, serial_undead_c, serial_undead_c, serial_undead_d
D:5:      layout_cave_pools, mainiacjoe_overflow_alcove_2,
          minmay_gold_behind_fungi, uniq_eustachio, uniq_duvessa
D:6:      layout_basic, mainiacjoe_overflow_swirl,
          gammafunk_temple_overflow_arena, minmay_temple_entry_butterflies
D:7:      cheibrodos_steamvent, layout_basic, minmay_fractal_squares_gapless_5,
          uniq_maggie
D:8:      layout_loops_corners, mainiacjoe_overflow_surrounded_room,
          corner_web_ring, uniq_prince_ribbit1, uniq_erica
D:9:      lemuel_bear_cage, layout_basic, mainiacjoe_overflow_tiny_flanked,
          minmay_shop_mayhem, minmay_door_square, uniq_pikel
D:10:     layout_roguey, lair_entry_dummy, uniq_fannar
D:11:     layout_basic, hiddenorc2_lemuel, hangedman_ranch, uniq_sonja
D:12:     layout_loops_ring, serial_demonic, serial_demonic_g, serial_demonic_e,
          serial_demonic_e, serial_demonic_f, serial_demonic_c,
          serial_demonic_g, kennysheep_windowed_goal, uniq_snorg, uniq_rupert
Temple:   nicolae_temple_ecumenical_triangle
Lair:1:   layout_loops_ring
Lair:2:   layout_roguey, guppyfry_snake_entry_island
Lair:3:   layout_hall_layers, elwin_shoals_entry_rooms, uniq_nergalle
Lair:4:   layout_regular_city, slime_entry_1, st_stairs_10, serial_bayou_pond_a,
          nicolae_lair_lakeside_cave
Lair:5:   minmay_lair_end_frog_pond, layout_misc_corridors,
          gammafunk_lair_bear_cave
Orc:1:    layout_caves, serial_shops, nicolae_diamond_shop,
          kennysheep_orc_sif_temple
Orc:2:    st_orc_elflike, layout_diamond_mine

Skill      XL: |  1  2  3  4  5  6  7  8  9 10 11 12 13 14 15 |
---------------+----------------------------------------------+-----
Dodging        | 1 2 4 6 7 |  7.2
Fighting       | 2 3 5 6 8 |  8.4
Short Blades   | 2 3 4 5 7 9 10 12 13 | 13.9
Invocations    | 1 2 3 4 5 7 9 11 12 13 14 15 | 15.2
Stealth        | 5 8 10 12 | 12.2
Shields        | 1 4 6 7 |  7.6
Armour         | 1 |  1.3
Throwing       | |  1.7

Action                   |  1- 3 |  4- 6 |  7- 9 | 10-12 | 13-15 | 16-18 || total
-------------------------+-------+-------+-------+-------+-------+-------++-------
Melee: Dagger            |   144 |    15 |       |       |       |       ||   159
       Bite              |    32 |    38 |   103 |   188 |   210 |    46 ||   617
       Rapier            |       |    87 |   306 |   460 |   506 |   116 ||  1475
Throw: Dart              |    11 |    12 |       |     6 |       |       ||    29
Invok: Stomp             |       |       |       |     4 |    11 |     6 ||    21
       Line Pass         |       |       |       |     1 |       |     1 ||     2
       Grand Finale      |       |       |       |     1 |     3 |       ||     4
Evoke: Lightning rod     |       |       |       |       |     3 |       ||     3
  Use: Scroll            |    10 |     2 |     4 |     9 |     3 |     2 ||    30
       Potion            |     1 |     2 |       |     1 |     1 |       ||     5
 Stab: Sleeping          |     7 |     4 |     8 |     8 |    22 |     3 ||    52
       Distracted        |       |     1 |     1 |     2 |     3 |       ||     7
       Paralysed         |       |       |     8 |    28 |    51 |    14 ||   101
       Petrifying        |       |       |       |       |     1 |       ||     1
Armor: Robe              |    37 |    33 |    41 |       |       |       ||   111
       Leather armour    |       |       |    57 |   106 |    44 |       ||   207
       Swamp dragon scal |       |       |       |       |    47 |    12 ||    59
Dodge: Dodged            |    92 |    84 |   151 |   186 |   172 |    41 ||   726
Block: Buckler           |    26 |    44 |   101 |   115 |   167 |    38 ||   491
       Reflection        |     2 |     9 |     5 |     2 |     2 |     1 ||    21

Table legend: (Time is in decaauts)
 A = Elapsed time spent in this place.
 B = Non-inter-level travel time spent in this place.
 C = Inter-level travel time spent in this place.
 D = Time resting spent in this place.
 E = Time spent auto-exploring this place.
 F = Levels seen in this place.
 G = Mean time per level.
                   A        B        C        D        E       F      G
               +--------+--------+--------+--------+--------+-----+--------+
         Total |  14776 |  13979 |    797 |    279 |  10186 |  21 |  703.6 |
       Dungeon |   9072 |   8521 |    551 |      7 |   6555 |  12 |  756.0 |
        Temple |     26 |     14 |     12 |      0 |      0 |   1 |   26.0 |
          Lair |   4222 |   4017 |    205 |    214 |   2870 |   5 |  844.4 |
  Orcish Mines |   1025 |    998 |     27 |     50 |    717 |   2 |  512.5 |
         Sewer |    428 |    428 |      0 |      8 |     43 |   1 |  428.0 |
               +--------+--------+--------+--------+--------+-----+--------+

Top non-repeatable levels by time:
  Lair:4: 1192 daAuts
     D:8: 953 daAuts
  Lair:5: 933 daAuts
     D:7: 923 daAuts
    D:11: 887 daAuts
    D:12: 887 daAuts
     D:6: 842 daAuts
  Lair:3: 798 daAuts
     D:9: 773 daAuts
     D:2: 735 daAuts
    D:10: 726 daAuts
  Lair:1: 674 daAuts
     D:5: 639 daAuts
     D:1: 633 daAuts
  Lair:2: 623 daAuts
